 Dungeon Crawl Stone Soup version 0.22.1-2-g9c5b331383 (webtiles) character file.

177059 Peloso the Hoplite (level 17, -1/158 HPs)
             Began as a Minotaur Fighter on Nov 23, 2018.
             Was the Champion of Okawaru.
             Slain by a nagaraja
             ... wielding a +0 flail
              (7 damage)
             ... on level 4 of the Snake Pit on Nov 24, 2018.
             The game lasted 01:37:00 (37284 turns).

Peloso the Hoplite (Minotaur Fighter)              Turns: 37284, Time: 01:37:02

Health: -1/158     AC: 29    Str: 38    XL:     17   Next: 53%
Magic:  0/18       EV: 13    Int:  3    God:    Okawaru [******]
Gold:   2184       SH: 29    Dex: 16    Spells: 16/16 levels left

rFire    + . .     SeeInvis +   a - +10 demon blade "Xeott" {pain, rPois rF+ rC+ Str+2 Int-2}
rCold    + + .     Gourm    .   c - +2 large shield {AC+3}
rNeg     . . .     Faith    .   G - +6 chain mail "Nyoc" {Str+3}
rPois    +         Spirit   +   i - +1 hat
rElec    +         Reflect  .   j - +1 cloak of Starlight {rElec rC+ EV+4 Stlth--}
rCorr    .         Harm     .   N - +0 pair of gloves {Str+3}
MR       +++..                  D - +0 pair of boots
Stlth    ..........             F - amulet "Oruf" {Spirit MR+ Str+2}
HPRegen  0.36/turn              p - ring of see invisible
MPRegen  0.16/turn              z - ring of Elufynua {rPois Str+2 Dex+4}

@: lethally poisoned (-1 -> -4), about to teleport, constricted
A: retaliatory headbutt, horns 2, magic resistance 1
a: Heroism, Finesse, Renounce Religion


You were on level 4 of the Snake Pit.
You worshipped Okawaru.
Okawaru was exalted by your worship.
You were not hungry.

You visited 5 branches of the dungeon, and saw 28 of its levels.

You collected 3260 gold pieces.
You spent 1076 gold pieces at shops.

Inventory:

Hand Weapons
 a - the +10 demon blade "Xeott" (weapon) {pain, rPois rF+ rC+ Str+2 Int-2}
   (Okawaru gifted it to you on level 13 of the Dungeon)

   In the hands of one skilled in necromantic magic, it inflicts extra damage on
   living creatures.
   It affects your strength (+2).
   It affects your intelligence (-2).
   It protects you from fire.
   It protects you from cold.
   It protects you from poison.
 b - a +2 scimitar of flaming
 n - a +0 demon blade of venom
Armour
 c - a +2 large shield of protection (worn)
 i - a +1 hat (worn)
 j - the +1 cloak of Starlight (worn) {rElec rC+ EV+4 Stlth--}
   (You bought it in a shop on level 2 of the Orcish Mines)

   It affects your evasion (+4).
   It protects you from cold.
   It insulates you from electricity.
   It makes you much less stealthy.
 l - a scarf of cloud immunity
 D - a +0 pair of boots (worn)
 G - the +6 chain mail "Nyoc" (worn) {Str+3}
   (Okawaru gifted it to you on level 3 of the Snake Pit)

   It affects your strength (+3).
 N - a +0 pair of gloves of strength (worn)
Jewellery
 m - an uncursed amulet of the gourmand
 p - a ring of see invisible (left hand)
 q - an uncursed ring of resist corrosion
 z - the ring of Elufynua (right hand) {rPois Str+2 Dex+4}
   (You bought it in a shop on level 1 of the Snake Pit)

   [ring of poison resistance]

   It affects your strength (+2).
   It affects your dexterity (+4).
   It protects you from poison.
 F - the amulet "Oruf" (around neck) {Spirit MR+ Str+2}
   (You took it off an orc warrior on level 3 of the Snake Pit)

   [amulet of guardian spirit]

   It causes incoming damage to be split between your health and magic.
   It affects your strength (+2).
   It affects your resistance to hostile enchantments.
 O - an uncursed ring of ice
 T - an uncursed ring of fire
Wands
 x - a wand of iceblast (7)
 y - a wand of digging (10)
 B - a wand of scattershot (6)
Scrolls
 e - 12 scrolls of remove curse
 k - 8 scrolls of magic mapping
 o - 5 scrolls of identify
 r - 11 scrolls of teleportation
 A - a scroll of enchant weapon
 E - a scroll of enchant armour
 M - 5 scrolls of blinking
 V - 3 scrolls of noise
Potions
 d - 3 potions of might
 g - 10 potions of curing
 h - 2 potions of invisibility
 s - 4 potions of flight
 t - 5 potions of heal wounds
 u - a potion of resistance
 v - 2 potions of haste
 C - 6 potions of agility
 H - a potion of brilliance
 I - 2 potions of berserk rage
Comestibles
 f - 40 rations


   Skills:
 + Level 15.9 Fighting
 + Level 18.4 Long Blades
   Level 1.1 Axes
 + Level 15.7 Armour
 + Level 4.3 Dodging
 + Level 3.0 Stealth
 + Level 21.6 Shields
 + Level 3.1 Invocations
 + Level 0.3 Evocations


You had 16 spell levels left.
You didn't know any spells.
Your spell library contained the following spells:

 Spells                   Type           Power        Failure   Level  Hunger
 Animate Skeleton         Necr           N/A          93%         1    ##.....
 Apportation              Tloc           #.....       93%         1    ##.....
 Confusing Touch          Hex            #.....       93%         1    ##.....
 Infusion                 Chrm           #...         93%         1    ##.....
 Magic Dart               Conj           #...         93%         1    ##.....
 Pain                     Necr           #...         93%         1    ##.....
 Summon Small Mammal      Summ           #...         93%         1    ##.....
 Blink                    Tloc           N/A          98%         2    ###....
 Call Imp                 Summ           #.......     98%         2    ###....
 Corpse Rot               Necr           N/A          98%         2    ###....
 Searing Ray              Conj           #.....       98%         2    ###....
 Shroud of Golubria       Chrm/Tloc      #.........   98%         2    ###....
 Slow                     Hex            #.......     98%         2    ###....
 Song of Slaying          Chrm           #.......     98%         2    ###....
 Sublimation of Blood     Necr           #.........   98%         2    ###....
 Call Canine Familiar     Summ           #.......     100%        3    ####...
 Conjure Flame            Conj/Fire      #.......     100%        3    ####...
 Dazzling Spray           Conj/Hex       #.....       100%        3    ####...
 Mephitic Cloud           Conj/Pois/Air  #.......     100%        3    ####...
 Regeneration             Chrm/Necr      #.........   100%        3    ####...
 Spectral Weapon          Hex/Chrm       #.......     100%        3    ####...
 Summon Guardian Golem    Hex/Summ       #.......     100%        3    ####...
 Vampiric Draining        Necr           #.........   100%        3    ####...
 Animate Dead             Necr           N/A          100%        4    #####..
 Force Lance              Conj/Tloc      #.......     100%        4    #####..
 Fulminant Prism          Conj/Hex       #.........   100%        4    #####..
 Iskenderun's Mystic Bla  Conj           #.......     100%        4    #####..
 Summon Ice Beast         Ice/Summ       #.......     100%        4    #####..
 Summon Lightning Spire   Summ/Air       #.......     100%        4    #####..
 Agony                    Necr           #.......     100%        5    ######.
 Bolt of Draining         Conj/Necr      #.........   100%        5    ######.
 Dispel Undead            Necr           #.......     100%        5    ######.
 Excruciating Wounds      Chrm/Necr      #.........   100%        5    ######.
 Irradiate                Conj/Tmut      #.........   100%        5    ######.
 Silence                  Hex/Air        #.........   100%        5    ######.
 Conjure Ball Lightning   Conj/Air       #.........   100%        6    #######
 Deflect Missiles         Chrm/Air       #.........   100%        6    #######
 Hydra Form               Tmut           #.........   100%        6    #######
 Statue Form              Tmut/Erth      #........    100%        6    #######
 Dragon Form              Tmut           #.........   100%        7    #######
 Tornado                  Air            #.........   100%        9    #######


Dungeon Overview and Level Annotations

Branches:
Dungeon (15/15) Temple (1/1) D:5 Lair (6/6) D:8 Shoals (0/4) Lair:2 Snake (4/4) Lair:3 Slime (0/5) Lair:5 Orc (2/2) D:9 Elf (0/3) Orc:2 Vaults (0/5) D:13 D:14 Depths (0/5) D:15

Altars:
Cheibriados
Dithmenos
Elyvilon
Fedhas
Gozag
Hepliaklqana
Kikubaaqudgha
Okawaru
Ru
Uskayaw
Vehumet
Xom
Yredelemnul
Zin
The Shining One
Jiyva

Shops:
D:9 }   D:10 :   D:11 (   D:12 [   D:13 (   D:14 [   D:15 *   Orc:2 **}(
Snake:1 =   Snake:2 (

Portals:
Pandemonium: Orc:2

Annotations:
Lair:3 3 runed doors, zuik's ghost, journeyman HOFi


Innate Abilities, Weirdness & Mutations

You reflexively headbutt those who attack you in melee.
You have a pair of horns on your head.
You are resistant to hostile enchantments. (MR+)


Message History

The naga mage hits you but does no damage.
You feel better.
The naga ritualist's toxic aura wanes.
The nagaraja spits poison at you. You block the splash of poison.
You block the nagaraja's attack.
The nagaraja hits you but does no damage.
The naga sharpshooter shoots a bolt.
You block the bolt. The nagaraja hits you with a flail!
* * * LOW HITPOINT WARNING * * *
The naga sharpshooter shoots an arrow.
The arrow hits you.
* * * LOW HITPOINT WARNING * * *
The naga mage gestures at you while chanting.
The poison arrow hits you!
You are poisoned.
You partially resist.
* * * LOW HITPOINT WARNING * * *
The nagaraja completely misses you.
The naga ritualist gestures at you while chanting.
You block the lance of force.
The nagaraja hits you but does no damage.
You die...

... ###'###
####....N#### ##.
.##.....N....N##...
#N......N[......#..
..............N..#
......[.SS⌠..?...#.
.......NNN[.......#
.......N@NN.......#
...⌠...NNN)..⌠.....
......#####.......#
..(... .......#.
##.... ⌠....##..
..##. ...##.... ..
.# .###. ... .. .
..


You could see 6 nagarajas, 3 naga sharpshooters, 4 naga ritualists, 2 guardian
serpents, a naga mage and a naga (fleeing).

Vanquished Creatures
  Saint Roka (Snake:3)
  Rupert (D:13)
  Asterion (Snake:3)
  Kirke (D:13)
  11 nagarajas
  Nessos (D:12)
  Snorg (D:12)
  A fire dragon (D:13)
  Fannar (Lair:1)
  10 naga warriors
  Harold (Lair:1)
  3 centaur warriors
  8 hydras
  9 anacondas
  4 catoblepae
  11 two-headed ogres
  A death knight (D:15)
  An ogre mage (D:15)
  3 tengu warriors
  6 orc high priests (Orc:2)
  8 naga sharpshooters
  2 shock serpents
  A sun demon (Orc:2)
  Urug (Lair:2)
  3 skeletal warriors
  A salamander mystic (Snake:2)
  2 unseen horrors
  An infernal demonspawn (Orc:2)
  6 naga ritualists
  2 lindwurms (Lair:6)
  7 mana vipers
  9 orc knights
  3 wizards (D:15)
  A deep elf mage (D:14)
  7 oklob plants
  A salamander (shapeshifter) (D:13)
  10 orc sorcerers
  2 cyclopes
  3 manticores
  11 salamanders
  2 ugly things (D:13)
  Joseph (D:8)
  A merfolk siren (Lair:2)
  An ice statue (D:10)
  4 elephants (Lair:3)
  10 guardian serpents
  3 rust devils (Orc:2)
  A molten gargoyle (Lair:4)
  15 naga magi
  39 black mambas
  11 spiny frogs
  An orange demon (Orc:2)
  3 centaur skeletons
  4 gargoyles
  5 komodo dragons
  7 rime drakes
  2 freezing wraiths
  2 efreet
  A tengu conjurer (D:15)
  4 kobold demonologists
  10 trolls
  A troll (shapeshifter) (D:13)
  A hellwing (Orc:2)
  A polar bear (Lair:6)
  2 hornets
  A wind drake (shapeshifter) (D:14)
  Prince Ribbit (D:6)
  7 slime creatures
  A raiju (shapeshifter) (D:12)
  22 blink frogs
  9 hippogriffs
  5 wyverns
  3 shadows
  2 wraiths
  A tarantella (shapeshifter) (D:15)
  A ynoxinul (Orc:2)
  4 vampires
  46 yaks
  A fire elemental (D:14)
  A hungry ghost (D:9)
  3 basilisks
  16 humans
  Menkaure (D:6)
  2 hogs (D:13)
  4 wargs
  7 vampire mosquitoes
  2 insubstantial wisps (Lair:2)
  37 nagas
  An acid dragon (D:11)
  A soldier ant (D:13)
  13 water moccasins
  Duvessa (D:5)
  39 orc warriors
  11 porcupines
  An eye of draining (D:12)
  3 ice beasts
  A black bear (D:6)
  A hornet zombie (D:9)
  A phantom (D:5)
  3 sky beasts
  5 ogres
  3 necrophages
  10 centaurs
  12 wolves
  8 crocodiles
  3 big kobolds
  Blork the orc (D:5)
  22 bullfrogs
  A gnoll sergeant (D:6)
  2 wyvern zombies
  Dowan (D:5)
  7 scorpions
  17 killer bees
  8 wights
  A howler monkey (D:4)
  5 electric eels
  8 crimson imps
  A centaur zombie (D:8)
  6 jellies
  Crazy Yiuf (D:5)
  3 bullfrog zombies
  3 bullfrog skeletons
  22 orc priests
  7 hounds
  14 orc wizards
  A gnoll shaman (D:8)
  4 hell rats
  5 iguanas
  6 worker ants
  2 hound zombies
  A human simulacrum (D:13)
  A worker ant zombie (D:5)
  9 adders
  13 gnolls
  3 river rats (Lair:4)
  A shadow imp (D:13)
  5 oozes (D:11)
  3 adder zombies
  An adder skeleton (D:9)
  2 worms (D:2)
  5 leopard geckos
  84 orcs
  6 giant cockroaches
  10 goblins
  6 hobgoblins
  11 jackals
  15 kobolds
  4 quokkas
  A ball python (D:2)
  10 bats
  5 frilled lizards
  A jackal zombie (D:7)
  A quokka skeleton (D:7)
  A quokka zombie (D:5)
  13 rats
  2 plants (Lair:4)
945 creatures vanquished.

Vanquished Creatures (others)
  A human (D:13)
  A hornet zombie (D:13)
  A bullfrog (D:13)
  A hell rat (Lair:4)
  A human simulacrum (D:13)
  A shadow imp (D:13)
  An orc (Orc:2)
  2 kobolds
  5 fungi
  19 plants
33 creatures vanquished.

Grand Total: 978 creatures vanquished

Notes
Turn   | Place    | Note
-------+----------+-------------------------------------------
     0 | D:1      | Peloso the Minotaur Fighter began the quest for the Orb.
     0 | D:1      | Reached XP level 1. HP: 19/19 MP: 0/0
   207 | D:1      | Reached XP level 2. HP: 23/27 MP: 1/1
   843 | D:2      | Reached XP level 3. HP: 32/33 MP: 2/2
   846 | D:2      | Reached skill level 4 in Shields
  1814 | D:3      | Reached XP level 4. HP: 40/40 MP: 3/3
  2309 | D:4      | Reached XP level 5. HP: 35/47 MP: 4/4
  2663 | D:4      | Reached skill level 5 in Long Blades
  2663 | D:4      | Reached XP level 6. HP: 55/55 MP: 5/5
  2856 | D:5      | Entered Level 5 of the Dungeon
  2863 | D:5      | Reached skill level 5 in Shields
  2883 | D:5      | Reached skill level 5 in Armour
  2883 | D:5      | Reached skill level 1 in Dodging
  2894 | D:5      | Reached skill level 5 in Fighting
  2933 | D:5      | Found a runed door.
  3004 | D:5      | Reached XP level 7. HP: 59/61 MP: 6/6
  3088 | D:5      | Noticed Blork the orc
  3097 | D:5      | Killed Blork the orc
  3121 | D:5      | Found a staircase to the Ecumenical Temple.
  3121 | D:5      | Noticed Duvessa
  3122 | D:5      | Noticed Dowan
  3140 | D:5      | Killed Dowan
  3160 | D:5      | Killed Duvessa
  3160 | D:5      | Reached skill level 6 in Shields
  3171 | D:5      | Got a jewelled hunting sling
  3172 | D:5      | Identified the +0 hunting sling of Secs {flame, +Fly rElec
                  | MR+} (You found it on level 5 of the Dungeon)
  3236 | Temple   | Entered the Ecumenical Temple
  3307 | Temple   | Became a worshipper of Warmaster Okawaru
  3880 | D:5      | Found an ancient bone altar of Kikubaaqudgha.
  3943 | D:5      | Noticed Crazy Yiuf
  3953 | D:5      | Killed Crazy Yiuf
  4094 | D:6      | Reached XP level 8. HP: 70/70 MP: 7/7
  4346 | D:6      | Noticed Prince Ribbit
  4373 | D:6      | Killed Prince Ribbit
  4373 | D:6      | Reached * piety under Okawaru
  4649 | D:6      | Noticed Menkaure
  4656 | D:6      | Killed Menkaure
  4656 | D:6      | Reached skill level 7 in Shields
  5233 | D:6      | Reached XP level 9. HP: 78/78 MP: 8/8
  5263 | D:6      | Reached ** piety under Okawaru
  5263 | D:6      | Reached skill level 8 in Shields
  5576 | D:7      | Found a sacrificial altar of Ru.
  6507 | D:8      | Reached skill level 9 in Shields
  6523 | D:8      | Noticed a two-headed ogre
  6536 | D:8      | Killed a two-headed ogre
  6536 | D:8      | Reached skill level 10 in Long Blades
  6555 | D:8      | Noticed a troll
  6565 | D:8      | Killed a troll
  6578 | D:8      | Reached XP level 10. HP: 60/86 MP: 9/9
  6587 | D:8      | Reached *** piety under Okawaru
  6614 | D:8      | Found a staircase to the Lair.
  6657 | D:8      | Noticed Joseph
  6681 | D:8      | Killed Joseph
  6681 | D:8      | Reached skill level 10 in Shields
  7232 | D:9      | Found a hazy altar of Hepliaklqana.
  7336 | D:9      | You fall through a shaft for 2 floors!
  7356 | D:11     | Reached **** piety under Okawaru
  7421 | D:11     | Found Usiown's Antique Weapon Emporium.
  7767 | D:11     | Noticed an unseen horror
  7794 | D:11     | Killed an unseen horror
  7794 | D:11     | Reached skill level 11 in Shields
  7907 | D:11     | Reached ***** piety under Okawaru
  7993 | D:11     | Reached XP level 11. HP: 94/94 MP: 10/10
  8740 | D:10     | Entered Level 10 of the Dungeon
  8830 | D:10     | Noticed a two-headed ogre
  8835 | D:10     | Killed a two-headed ogre
  8835 | D:10     | Received a gift from Okawaru
  8835 | D:10     | Reached skill level 12 in Shields
  9045 | D:10     | Found Wereff's Book Boutique.
  9256 | D:10     | Noticed a two-headed ogre
  9266 | D:10     | Killed a two-headed ogre
  9720 | D:9      | Found a staircase to the Orcish Mines.
  9966 | D:9      | Reached skill level 10 in Armour
  9981 | D:9      | Found Ofreozxe's Gadget Shoppe.
 10483 | D:12     | Reached skill level 13 in Shields
 10681 | D:12     | Reached skill level 1 in Stealth
 10682 | D:12     | Found Dinlafay's Armour Boutique.
 10704 | D:12     | Got a fine hand axe
 10705 | D:12     | Identified the cursed +0 hand axe "Ittig" {chop, rF+ rN+
                  | MR-} (You found it on level 12 of the Dungeon)
 10769 | D:12     | Noticed Nessos
 10834 | D:12     | Killed Nessos
 10834 | D:12     | Reached XP level 12. HP: 22/104 MP: 8/11
 11341 | D:12     | Noticed a two-headed ogre
 11354 | D:12     | Killed a two-headed ogre
 11354 | D:12     | Reached skill level 1 in Axes
 11845 | Lair:1   | Entered Level 1 of the Lair of Beasts
 11899 | Lair:1   | Noticed Fannar
 11930 | Lair:1   | Killed Fannar
 12066 | Lair:1   | Noticed an eight-headed hydra
 12087 | Lair:1   | Killed a 16-headed hydra
 12087 | Lair:1   | Reached skill level 1 in Invocations
 12548 | Lair:1   | Noticed Harold
 12566 | Lair:1   | Killed Harold
 12566 | Lair:1   | Reached skill level 14 in Shields
 12717 | Lair:1   | Reached ****** piety under Okawaru
 12717 | Lair:1   | Reached skill level 10 in Fighting
 13535 | Lair:2   | Noticed an eight-headed hydra
 13536 | Lair:2   | Noticed a four-headed hydra
 13550 | Lair:1   | Received a gift from Okawaru
 14391 | D:13     | Found Wukeusou's Antique Weapon Boutique.
 14921 | D:13     | Noticed Snorg
 14942 | D:12     | Killed Snorg
 14942 | D:12     | Received a gift from Okawaru
 15051 | D:13     | Reached XP level 13. HP: 114/114 MP: 13/13
 15640 | D:13     | Reached skill level 15 in Shields
 16220 | D:13     | Noticed Kirke
 16251 | D:13     | Killed Kirke
 16251 | D:13     | Received a gift from Okawaru
 16251 | D:13     | Reached skill level 15 in Long Blades
 16334 | D:13     | Noticed Rupert
 16335 | D:13     | Paralysed by Rupert for 5 turns
 16353 | D:13     | Killed Rupert
 16370 | D:13     | Got a translucent demon blade {god gift}
 16371 | D:13     | Identified the +10 demon blade "Xeott" {pain, rPois rF+ rC+
                  | Str+2 Int-2} (Okawaru gifted it to you on level 13 of the
                  | Dungeon)
 16948 | Lair:2   | Noticed Urug
 16959 | Lair:2   | Killed Urug
 17099 | Lair:2   | Received a gift from Okawaru
 17115 | Lair:2   | Reached skill level 16 in Shields
 17611 | Lair:2   | Found a staircase to the Shoals.
 18284 | Lair:3   | Received a gift from Okawaru
 18507 | Lair:3   | Reached XP level 14. HP: 118/125 MP: 15/15
 18532 | Lair:3   | Found a staircase to the Snake Pit.
 18556 | Lair:3   | Found a runed gate.
 18561 | Lair:3   | Found a runed gate.
 18561 | Lair:3   | Found a viscous altar of Jiyva.
 18561 | Lair:3   | Found a runed gate.
 18561 | Lair:3   | Noticed zuik's ghost (journeyman HOFi)
 19339 | Lair:4   | Identified 2 scrolls of acquirement
 20798 | D:14     | Found a gate to the Vaults.
 20820 | D:13     | Reached skill level 17 in Shields
 21092 | Lair:5   | Found a shimmering altar of Xom.
 21093 | Lair:5   | Found a staircase to the Slime Pits.
 21093 | Lair:5   | Found a viscous altar of Jiyva.
 21407 | Lair:5   | Received a gift from Okawaru
 22134 | Lair:6   | Entered Level 6 of the Lair of Beasts
 22369 | Lair:6   | Received a gift from Okawaru
 23269 | Lair:6   | Received a gift from Okawaru
 23284 | Lair:6   | Got a citrine-encrusted scale mail {god gift}
 23295 | Lair:6   | Identified the +1 scale mail of the Armoured One {rElec
                  | Int+4} (Okawaru gifted it to you on level 6 of the Lair of
                  | Beasts)
 23572 | Lair:6   | Got a pitted ivory amulet
 23574 | Lair:6   | Identified the amulet "Inguisch" {Inacc rElec MR+ Int-2}
                  | (You found it on level 6 of the Lair of Beasts)
 24444 | Orc:1    | Entered Level 1 of the Orcish Mines
 24496 | Orc:1    | Reached skill level 18 in Shields
 24991 | D:9      | Reached XP level 15. HP: 38/135 MP: 16/16
 25576 | Orc:2    | Entered Level 2 of the Orcish Mines
 25799 | Orc:2    | Found a staircase to the Elven Halls.
 26077 | Orc:2    | Found Riubum's General Store.
 26096 | Orc:2    | Found Evakh's General Store.
 26419 | Orc:2    | Bought the +1 cloak of Starlight {rElec rC+ EV+4 Stlth--}
                  | for 489 gold pieces
 26419 | Orc:2    | Found the +1 cloak of Starlight {rElec rC+ EV+4 Stlth--}
 26512 | Orc:2    | Bought a scroll of teleportation for 33 gold pieces
 26680 | Orc:2    | Paralysed by an orc sorcerer for 4 turns
 27060 | Orc:2    | Found Ydghazxuss's Antique Weapon Boutique.
 27060 | Orc:2    | Found Libb's Gadget Shop.
 27067 | Orc:2    | Found a one-way gate leading to the halls of Pandemonium.
 27898 | D:14     | Received a gift from Okawaru
 28196 | D:14     | Found Odelol's Armour Boutique.
 28613 | D:15     | Entered Level 15 of the Dungeon
 28659 | D:15     | Reached skill level 19 in Shields
 29142 | D:15     | Received a gift from Okawaru
 29143 | D:15     | Found the +15 Maxwell's patent armour {-Cast -Tele rElec
                  | MR+ rCorr}
 29846 | D:15     | Found a staircase to the Depths.
 29885 | D:15     | Reached XP level 16. HP: 121/146 MP: 17/17
 30466 | D:15     | Found Yhonweci's Blood Bar.
 30800 | Snake:1  | Entered Level 1 of the Snake Pit
 31750 | Snake:1  | Found Qojadgh's Jewellery Shoppe.
 31753 | Snake:1  | Bought the ring of Elufynua {rPois Str+2 Dex+4} for 554
                  | gold pieces
 31986 | Snake:2  | Found Namom's Weapon Shop.
 32002 | Snake:2  | Received a gift from Okawaru
 32595 | Snake:2  | Reached skill level 15 in Armour
 32953 | Snake:2  | Reached skill level 20 in Shields
 32995 | Snake:2  | Reached skill level 15 in Fighting
 33900 | Snake:3  | Received a gift from Okawaru
 34370 | Snake:3  | Noticed Saint Roka
 34381 | Snake:3  | Reached XP level 17. HP: 115/156 MP: 11/18
 34414 | Snake:3  | Killed Saint Roka
 34416 | Snake:3  | Got a glittering ruby amulet
 34719 | Snake:3  | Received a gift from Okawaru
 34720 | Snake:3  | Reached skill level 21 in Shields
 34733 | Snake:3  | Got a fine chain mail {god gift}
 35157 | Snake:3  | Identified the amulet "Oruf" {Spirit MR+ Str+2} (You took
                  | it off an orc warrior on level 3 of the Snake Pit)
 35390 | Snake:3  | Identified the +6 chain mail "Nyoc" {Str+3} (Okawaru gifted
                  | it to you on level 3 of the Snake Pit)
 35415 | Snake:4  | Entered Level 4 of the Snake Pit
 35589 | Snake:4  | Noticed Asterion
 35924 | Snake:3  | Gained mutation: You are resistant to hostile enchantments.
                  | (MR+) [a cacodemon]
 36404 | Snake:3  | Killed Asterion
 37284 | Snake:4  | HP: 6/158 [naga mage/poison arrow (8)]
 37284 | Snake:4  | Slain by a nagaraja

Skill      XL: |  1  2  3  4  5  6  7  8  9 10 11 12 13 14 15 16 17 |
---------------+----------------------------------------------------+-----
Fighting       | 4 5 6 7 8 9 10 11 13 14 15 | 15.9
Armour         | 4 5 7 8 9 10 11 12 13 14 15 | 15.7
Shields        | 4 5 6 7 9 11 13 14 16 18 19 20 21 | 21.6
Long Blades    | 3 4 5 7 8 10 12 13 14 15 16 17 18 | 18.4
Dodging        | 1 2 3 4 |  4.3
Stealth        | 1 2 3 |  3.0
Axes           | 1 |  1.1
Invocations    | 2 3 |  3.1
Evocations     | |  0.3

Action                   |  1- 3 |  4- 6 |  7- 9 | 10-12 | 13-15 | 16-18 || total
-------------------------+-------+-------+-------+-------+-------+-------++-------
Melee: Long sword        |    99 |   127 |   350 |   563 |       |       ||  1139
       Headbutt          |    14 |    28 |    71 |   275 |   353 |   225 ||   966
       Falchion          |       |       |       |   493 |       |       ||   493
       Hand axe          |       |       |       |     9 |       |       ||     9
       Demon blade       |       |       |       |    31 |  1223 |   681 ||  1935
       Scimitar          |       |       |       |       |    38 |       ||    38
Invok: Heroism           |       |       |     1 |     9 |     4 |     3 ||    17
       Finesse           |       |       |       |     3 |       |     1 ||     4
Evoke: Wand              |       |       |       |     6 |     5 |       ||    11
  Use: Scroll            |     2 |       |    11 |    13 |     9 |     7 ||    42
       Potion            |       |       |       |     2 |     1 |     3 ||     6
 Stab: Petrified         |       |       |       |       |     3 |       ||     3
  Eat: Chunk             |     2 |     4 |    13 |    19 |    30 |    24 ||    92
       Ration            |       |       |       |     3 |     5 |     1 ||     9
Armor: Scale mail        |    40 |       |       |       |       |       ||    40
       Plate armour      |       |   102 |   192 |   378 |   471 |   117 ||  1260
       Chain mail        |       |       |       |       |       |    86 ||    86
Dodge: Dodged            |    31 |    25 |    57 |   273 |   414 |   245 ||  1045
Block: Shield            |    52 |    66 |   251 |   659 |   941 |   184 ||  2153
       Large shield      |       |       |       |       |       |   763 ||   763
       Rpst.: Long sword |     8 |     2 |    15 |    25 |       |       ||    50
       Falchion          |       |       |       |    39 |       |       ||    39
       Demon blade       |       |       |       |     3 |    94 |    46 ||   143
       Scimitar          |       |       |       |       |     2 |       ||     2
